 Dungeon Crawl Stone Soup version 0.29-a0-998-g1987434951 (webtiles) character file.

Game seed: 11318357578641940151

14543 BritishOli the Fighter (level 11, 0/90 HPs)
             Began as a Demonspawn Gladiator on Aug 5, 2022.
             Was the Champion of Okawaru.
             Slain by a five-headed hydra (8 damage)
             ... on level 11 of the Dungeon.
             The game lasted 00:33:45 (13828 turns).

BritishOli the Fighter (Demonspawn Gladiator)      Turns: 13828, Time: 00:33:45

Health: 0/90       AC:  9    Str: 18    XL:     11   Next: 90%
Magic:  0/11       EV: 20    Int: 22    God:    Okawaru [******]
Gold:   672        SH:  0    Dex: 14    Spells: 10/10 levels left

rFire   . . .      SeeInvis .   M - +2 rapier "Killer Klown's Death" {drain, Int+5 Dex-2}
rCold   . . .      Faith    .   (no shield)
rNeg    . . .      Spirit   +   H - +0 steam dragon scales
rPois   .          Reflect  .   c - +0 helmet
rElec   .          Harm     .   Q - +0 cloak
rCorr   .          Rampage  .   (no gloves)
Will    .....                   (no boots)
Stlth   ++........              w - amulet of guardian spirit
HPRegen 0.25/turn               v - +4 ring of evasion
MPRegen 0.12/turn               B - +6 ring of intelligence

@: about to teleport, studying Translocations
A: hooves 1, thin skeletal structure 1, powered by death 2, spiny 1
a: Renounce Religion, Heroism, Finesse, Duel


You were on level 11 of the Dungeon.
You worshipped Okawaru.
Okawaru was exalted by your worship.
You visited 2 branches of the dungeon, and saw 15 of its levels.
You also visited: Ossuary.

You collected 672 gold pieces.

Inventory:

Hand Weapons
 D - a +0 falchion
 F - a +0 long sword
 M - the +2 rapier "Killer Klown's Death" (weapon) {drain, Int+5 Dex-2}
   (Okawaru gifted it to you on level 10 of the Dungeon)

   A truly terrible weapon, it drains the life of any living foe it strikes.
   Int:       It affects your intelligence (+5).
   Dex:       It affects your dexterity (-2).
 P - a +2 long sword of protection
Missiles
 e - 6 javelins (quivered)
 N - a throwing net
Armour
 c - a +0 helmet (worn)
 H - +0 steam dragon scales (worn)
 J - a +0 scale mail of poison resistance
 Q - a +0 cloak (worn)
Jewellery
 q - an amulet of magic regeneration
 v - a +4 ring of evasion (left hand)
 w - an amulet of guardian spirit (around neck)
 B - a +6 ring of intelligence (right hand)
 L - a +6 ring of intelligence
Wands
 d - a wand of polymorph (3)
 o - a wand of roots (17)
 r - a wand of quicksilver (28)
 I - a wand of flame (16)
Scrolls
 i - 6 scrolls of teleportation
 j - 5 scrolls of fear
 l - 3 scrolls of blinking
 s - 3 scrolls of amnesia
 u - a scroll of silence
 C - a scroll of enchant weapon
 R - a scroll of brand weapon
 T - a scroll of enchant armour
Potions
 a - 4 potions of brilliance {unknown}
 b - 2 potions of degeneration {unknown}
 f - 3 potions of attraction {unknown}
 g - a potion of resistance {unknown}
 k - a potion of heal wounds {unknown}
 p - a potion of ambrosia {unknown}
 t - 2 potions of curing
 x - 4 potions of might {unknown}
 z - 2 potions of berserk rage {unknown}
 A - 2 potions of magic {unknown}
 E - 4 potions of mutation {unknown}
 K - 2 potions of haste {unknown}
 S - a potion of lignification {unknown}


   Skills:
 + Level 10.0 Fighting
 + Level 9.4 Long Blades
 - Level 2.0 Throwing
 + Level 8.9 Armour
 + Level 9.5 Dodging


You had 10 spell levels left.
You didn't know any spells.
Your spell library contained the following spells:

 Spells                   Type           Power      Damage    Failure   Level
 Apportation              Tloc           0%         N/A       17%         1
 Foxfire                  Conj/Fire      0%         2x1d4     17%         1
 Necrotise                Necr           0%         1d4       17%         1
 Ensorcelled Hibernation  Hex/Ice        0%         N/A       26%         2
 Static Discharge         Conj/Air       0%         3-3/arc   26%         2
 Sublimation of Blood     Necr           0%         N/A       26%         2
 Conjure Flame            Conj/Fire      0%         6-21      45%         3
 Inner Flame              Hex/Fire       0%         N/A       45%         3
 Spider Form              Tmut/Pois      0%         N/A       45%         3
 Anguish                  Hex/Necr       0%         N/A       86%         4
 Cause Fear               Hex            0%         N/A       86%         4
 Flame Wave               Conj/Fire      0%         2d4       86%         4
 Petrify                  Tmut/Erth      0%         N/A       86%         4
 Irradiate                Conj/Tmut      0%         3d11      99%         5
 Lightning Bolt           Conj/Air       0%         1d11      99%         5
 Eringya's Noxious Bog    Tmut/Pois      0%         N/A       100%        6
 Borgnjor's Revivificati  Necr           0%         N/A       100%        8
 Discord                  Hex            0%         N/A       100%        8
 Maxwell's Capacitive Co  Air            0%         ∞         100%        8
 Summon Small Mammal      Summ           Unusable   N/A       N/A         1

Dungeon Overview and Level Annotations

Branches:
Dungeon (14/15)            Temple (1/1) D:4             Orc (0/2) D:12
 Vaults (0/5) D:14        Ossuary (visited)
   Lair: D:8-11

Altars:
Ashenzari
Cheibriados
Dithmenos
Fedhas
Gozag
Kikubaaqudgha
Makhleb
Nemelex Xobeh
Okawaru
Qazlal
Ru
Sif Muna
Trog
Uskayaw
Vehumet
Wu Jian
Xom
Yredelemnul

Shops:
D:2 ?   D:8 *   D:13 ([:(

Annotations:
D:6 1 runed translucent door, anet's ghost, novice DrHu
D:8 2 runed translucent doors, aves's ghost, novice DsFi
D:11 Lodul
D:14 Urug


Innate Abilities, Weirdness & Mutations

You have large cloven feet.
You have a somewhat thin skeletal structure. (Dex +2, Stealth+)
You regenerate health from kills.
You are partially covered in sharp spines.


Message History

You hit something but do no damage. Your kick misses something.
Something hits you. Something bites you but does no damage.
You miss something. Your kick misses something. Something barely misses you.
Something bites you but does no damage.
You barely miss something. Something misses you.
Something bites you but does no damage.
You closely miss something. Your kick misses something. Something hits you!
* * * LOW HITPOINT WARNING * * *
Something closely misses you.
You hit something. Your kick misses something. Your punch misses something.
You hear some strange, mumbled words.
Something tries to affect you, but you resist.
You hit something but do no damage. Something hits you!
* * * LOW HITPOINT WARNING * * *
Something bites you!
* * * LOW HITPOINT WARNING * * *
Something draws strength from your injuries!
Something hits you!
* * * LOW HITPOINT WARNING * * *
Something bites you.
* * * LOW HITPOINT WARNING * * *
Something draws strength from your injuries!
The five-headed hydra roars!
Okay, then.
You feel better. Something barely misses you.
Something bites you but does no damage.
As you read the scroll of teleportation, it crumbles to dust.
You feel strangely unstable.
You feel your willpower return.
The five-headed hydra is struck by your spines.
The five-headed hydra bites you but does no damage.
The five-headed hydra bites you!
* * * LOW HITPOINT WARNING * * *
The five-headed hydra bites you but does no damage. x2
The five-headed hydra completely misses you.
You hear some strange, mumbled words.
Something tries to affect you, but you resist.
You feel better. The five-headed hydra misses you. x2
The five-headed hydra bites you!
You die...

#.### .... ..# #####
#.# #...# #.####.#
#...# #......#
####...#### #.######
#.........###.######
#........?..@D.......
#.........###.######.
####...#### #.# #...#
#.. #...# #.## ##.##
#.# #.# #.# ## #.# .#
#..## #.# #.....


You could see a five-headed hydra.

Vanquished Creatures
  A centaur warrior (D:13)
  Pikel (D:8)
  An orc knight (D:13)
  2 deep elf pyromancers (D:13)
  2 orc sorcerers (D:12)
  A cyclops (D:12)
  A manticore (D:13)
  Maurice (D:12)
  A gargoyle (D:12)
  A kobold demonologist (D:9)
  A troll (D:13)
  2 wraiths
  2 shadows
  Eustachio (D:5)
  2 wyverns (D:8)
  A steam dragon (D:6)
  16 yaks
  4 vampire mosquitoes (D:13)
  A warg (D:12)
  2 acid dragons
  Duvessa (D:5)
  2 water moccasins
  2 sky beasts
  An orc warrior (D:7)
  An ice beast (D:6)
  7 ogres
  A lemure (D:8)
  A phantom (D:6)
  8 centaurs
  2 kobold brigands (D:7)
  A bullfrog (D:7)
  An elf zombie (Ossuary)
  4 necrophages
  4 scorpions
  3 elf skeletons (D:5)
  4 wights (D:10)
  Dowan (D:5)
  24 killer bees
  2 electric eels (D:12)
  A crimson imp (D:10)
  2 human zombies (Ossuary)
  A gnoll bouda (D:5)
  A centaur zombie (Ossuary)
  3 hounds
  4 jellies
  2 orc priests
  A human skeleton (D:5)
  5 iguanas
  8 orc wizards
  2 mummies (Ossuary)
  9 adders
  2 white imps (D:5)
  2 ufetubi
  3 adder zombies (Ossuary)
  4 worms
  2 dart slugs (D:3)
  32 orcs
  3 bats
  An endoplasm (D:4)
  4 giant cockroaches
  9 goblins
  6 hobgoblins
  3 jackals (D:2)
  2 quokkas
  4 ball pythons
  6 frilled lizards
  A goblin zombie (Ossuary)
  10 hobgoblin zombies (Ossuary)
  20 kobolds
  10 kobold zombies (Ossuary)
  An orc skeleton (D:5)
  9 orc zombies
  A rat (D:1)
  A rat zombie (Ossuary)
289 creatures vanquished.

Vanquished Creatures (others)
  4 fungi (D:9)
  11 plants
15 creatures vanquished.

Grand Total: 304 creatures vanquished

Notes
Turn   | Place    | Note
-------+----------+-------------------------------------------
     0 | D:1      | BritishOli the Demonspawn Gladiator began the quest for the
                  | Orb.
     0 | D:1      | Reached XP level 1. HP: 16/16 MP: 1/1
   263 | D:1      | Gained mutation: You are partially covered in sharp spines.
                  | [demonic ancestry]
   263 | D:1      | Reached XP level 2. HP: 22/22 MP: 2/2
   815 | D:2      | Found Iddoitomn's Magic Scroll Emporium.
  1105 | D:2      | Gained mutation: You have large cloven feet. [demonic
                  | ancestry]
  1105 | D:2      | Reached XP level 3. HP: 28/28 MP: 3/3
  1172 | D:2      | Found a faded altar of an unknown god.
  1574 | D:3      | Found a sparkling altar of Nemelex Xobeh.
  1574 | D:3      | Found a broken altar of Ashenzari.
  1604 | D:3      | Found a shadowy altar of Dithmenos.
  1636 | D:3      | Reached skill level 1 in Armour
  1876 | D:3      | Reached XP level 4. HP: 33/34 MP: 4/4
  2751 | D:4      | Found a hide-covered altar of Uskayaw.
  2889 | D:4      | Noticed a scorpion
  2897 | D:4      | Killed a scorpion
  2898 | D:4      | Reached skill level 3 in Fighting
  2898 | D:4      | Reached XP level 5. HP: 34/41 MP: 5/5
  2999 | D:4      | Found a staircase to the Ecumenical Temple.
  3007 | Temple   | Entered the Ecumenical Temple
  3159 | D:4      | Gained mutation: You regenerate a little health from kills.
                  | [demonic ancestry]
  3159 | D:4      | Reached XP level 6. HP: 26/47 MP: 3/6
  3581 | D:4      | Found a basalt altar of Yredelemnul.
  3642 | D:5      | Entered Level 5 of the Dungeon
  3685 | D:5      | Noticed Duvessa
  3734 | D:5      | Noticed Dowan
  3834 | D:5      | Found a blossoming altar of Fedhas.
  3835 | D:5      | Found a bloodstained altar of Trog.
  3836 | D:5      | Found an iron altar of Okawaru.
  4005 | D:5      | Reached skill level 4 in Fighting
  4017 | D:5      | Became a worshipper of Warmaster Okawaru
  4041 | D:5      | Gained mutation: You regenerate health from kills. [demonic
                  | ancestry]
  4041 | D:5      | Reached XP level 7. HP: 30/54 MP: 4/7
  4109 | D:5      | Found a sand-covered staircase.
  4123 | Ossuary  | Entered an ossuary
  4332 | Ossuary  | Reached * piety under Okawaru
  4393 | Ossuary  | Reached skill level 5 in Dodging
  4508 | D:6      | Reached skill level 5 in Long Blades
  4508 | D:6      | Reached XP level 8. HP: 61/61 MP: 8/8
  4570 | D:6      | Reached skill level 5 in Fighting
  5013 | D:6      | Reached ** piety under Okawaru
  5037 | D:6      | Found a runed translucent door.
  5387 | D:6      | Noticed anet's ghost (novice DrHu)
  5428 | D:7      | Reached skill level 5 in Armour
  5577 | D:7      | Got the Guide on Sculpting and the Crypt
  5600 | D:7      | Reached skill level 6 in Fighting
  5630 | D:7      | Reached *** piety under Okawaru
  5631 | D:7      | Gained mutation: You have a somewhat thin skeletal
                  | structure. (Dex +2, Stealth+) [demonic ancestry]
  5631 | D:7      | Reached XP level 9. HP: 69/69 MP: 9/9
  6002 | D:7      | Found an ancient bone altar of Kikubaaqudgha.
  6152 | D:7      | Found an ornate altar of the Wu Jian Council.
  6317 | D:8      | Noticed Pikel
  6343 | D:8      | Killed Pikel
  6578 | D:8      | Reached **** piety under Okawaru
  6725 | D:8      | Found a large runed translucent door.
  6725 | D:8      | Found a large runed translucent door.
  6727 | D:8      | Noticed aves's ghost (novice DsFi)
  6735 | D:8      | Reached skill level 7 in Fighting
  6898 | D:8      | Found Tiass's Assorted Antiques.
  7184 | D:8      | Reached XP level 10. HP: 76/79 MP: 8/10
  7410 | D:5      | Killed Dowan
  7422 | D:5      | Killed Duvessa
  7782 | D:5      | You fall into a shaft and drop 3 floors!
  7947 | D:5      | Noticed Eustachio
  7956 | D:5      | Killed Eustachio
  8643 | D:9      | Reached ***** piety under Okawaru
  8650 | D:9      | Reached skill level 8 in Fighting
  8671 | D:10     | Entered Level 10 of the Dungeon
  8845 | D:10     | Found a shimmering blue altar of Sif Muna.
  8869 | D:10     | Identified the +2 rapier "Killer Klown's Death" {drain,
                  | Int+5 Dex-2} (Okawaru gifted it to you on level 10 of the
                  | Dungeon)
  8869 | D:10     | Received a gift from Okawaru
  9029 | D:10     | Found a burning altar of Makhleb.
  9030 | D:10     | Found a radiant altar of Vehumet.
  9108 | D:10     | Noticed a white ugly thing
  9109 | D:10     | Noticed a two-headed ogre
  9528 | D:11     | Noticed a six-headed hydra
  9738 | D:12     | Noticed a gargoyle
  9771 | D:12     | Killed a gargoyle
  9772 | D:12     | Reached XP level 11. HP: 18/87 MP: 4/11
 10076 | D:12     | Noticed Maurice
 10148 | D:12     | Killed Maurice
 10592 | D:12     | Reached skill level 9 in Fighting
 10837 | D:12     | Noticed an orc knight
 10837 | D:12     | Noticed an orc sorcerer
 10837 | D:12     | Noticed an orc sorcerer
 10844 | D:12     | Noticed a sun demon
 10849 | D:12     | Noticed a sun demon
 10875 | D:13     | Noticed a deep elf pyromancer
 10878 | D:13     | Found Tagi's Weapon Shoppe.
 10878 | D:13     | Found Joagisal's Book Shoppe.
 10878 | D:13     | Found Puoshole's Antique Armour Boutique.
 10878 | D:13     | Found Buomunol's Antique Weapon Boutique.
 10916 | D:13     | Identified the +0 ring mail of Claustrophobia {rN+ Str+4
                  | Int+2 Stlth+}
 11200 | D:13     | Killed a deep elf pyromancer
 11200 | D:13     | Received a gift from Okawaru
 11287 | D:13     | Noticed a centaur warrior
 11301 | D:13     | Killed a centaur warrior
 11594 | D:13     | Noticed a deep elf pyromancer
 11608 | D:13     | Killed a deep elf pyromancer
 11981 | D:12     | Found a staircase to the Orcish Mines.
 12249 | D:12     | Killed an orc sorcerer
 12249 | D:12     | Received a gift from Okawaru
 12327 | D:12     | Killed an orc sorcerer
 12478 | D:12     | Noticed a four-headed hydra
 12487 | D:11     | Noticed Lodul
 12496 | D:12     | Reached ****** piety under Okawaru
 12768 | D:13     | Killed an orc knight
 13005 | D:13     | Reached skill level 10 in Fighting
 13325 | D:14     | Noticed a two-headed ogre
 13325 | D:14     | Noticed a six-headed hydra
 13325 | D:14     | Noticed a centaur warrior
 13325 | D:14     | Noticed Urug
 13325 | D:14     | Noticed a centaur warrior
 13325 | D:14     | Found a gate to the Vaults.
 13424 | D:11     | Noticed a five-headed hydra
 13511 | D:11     | Noticed a skeletal warrior
 13511 | D:11     | Noticed a skeletal warrior
 13512 | D:11     | Noticed a skeletal warrior
 13512 | D:11     | Noticed a skeletal warrior
 13513 | D:11     | Noticed a skeletal warrior
 13827 | D:11     | HP: 3/90 [five-headed hydra (13)]
 13828 | D:11     | Slain by a five-headed hydra

Illustrated notes

Levels and vault maps discovered:
D:1:      mrwooster_arrival_statue, layout_basic, grunt_decor_cap
D:2:      layout_loops_ring, shapermc_ecumenical_altar_acropolis, serial_shops,
          shop, hex_medium, serial_bayou_pond_b, chequers_jeans,
          nicolae_concentric_dashed_squares_mild, guppyfry_early_lair_pool
D:3:      layout_basic, mainiacjoe_overflow_24_doors,
          chequers_temple_overflow_statue_of_worship
D:4:      layout_loops_ring, eat_drink_and_be_merry_uskayaw, kennysheep_mini,
          temple_green
D:5:      layout_basic, grunt_temple_overflow_open,
          nicolae_ossuary_entry_catacombs, grunt_tough_drop, uniq_duvessa,
          uniq_eustachio
D:6:      layout_basic, ebering_ghost_reflecting_pool
D:7:      layout_basic, pdpol_wu_jian_five_deadly_venoms, lemuel_tele_altar,
          chequers_serial_rivers_micro_b
D:8:      layout_rooms, ebering_ghost_disaster_area, serial_shops,
          kennysheep_mini_moat, uniq_pikel
D:9:      layout_roguey, mainiacjoe_overflow_alcove_4, minmay_lair_entry_grove
D:10:     minmay_clustersquares, layout_cave_pools,
          grunt_temple_overflow_lords_of_destruction, mainiacjoe_overflow_swirl
D:11:     layout_loops_ring, serial_aquarium, aquarium_bridge_square
          [aquarium_subvault_window, aquarium_subvault_window,
          aquarium_subvault_bridge, aquarium_subvault_window],
          aquarium_window_1, aquarium_window_3, aquarium_window_1,
          aquarium_window_1, aquarium_view_2d, aquarium_view_2b,
          aquarium_balcony_5a, aquarium_pool_corner, uniq_gastronok, uniq_lodul
D:12:     layout_basic, orc_0_dummy, minmay_misc_feat_doors, uniq_maurice
D:13:     layout_roguey, minmay_misc_feat_x, nicolae_wooded_promenade,
          st_stairs_3
D:14:     layout_irregular_city, david_vaults_3, chequers_serial_rivers_marsh,
          uniq_frances, uniq_agnes
Temple:   hellmonk_temple_beads

Skill      XL: |  1  2  3  4  5  6  7  8  9 10 11 |
---------------+----------------------------------+-----
Throwing       | 2 |  2.0
Dodging        | 3 4 5 6 7 8 9 |  9.5
Long Blades    | 3 4 5 6 7 8 9 |  9.4
Armour         | 1 2 3 5 6 7 8 |  8.9
Fighting       | 3 4 6 7 8 10 | 10.0

Action                   |  1- 3 |  4- 6 |  7- 9 | 10-12 || total
-------------------------+-------+-------+-------+-------++-------
Melee: Long sword        |    88 |    64 |   195 |    88 ||   435
       Punch             |     1 |     2 |     3 |     4 ||    10
       Kick              |     8 |    35 |   123 |   181 ||   347
       Falchion          |       |    33 |   170 |       ||   203
       Rapier            |       |       |       |   360 ||   360
       Unarmed           |       |       |       |    26 ||    26
Throw: Throwing net      |       |       |       |     3 ||     3
  Use: Scroll            |       |       |       |    16 ||    16
       Potion            |       |       |       |     5 ||     5
 Stab: Sleeping          |     1 |       |     2 |     5 ||     8
       Distracted        |       |       |     1 |       ||     1
       Held in net/web   |       |       |       |     2 ||     2
Armor: Leather armour    |    28 |    16 |    25 |       ||    69
       Steam dragon scal |       |       |    43 |   107 ||   150
Dodge: Dodged            |    57 |    81 |   262 |   565 ||   965

Table legend: (Time is in decaauts)
 A = Elapsed time spent in this place.
 B = Non-inter-level travel time spent in this place.
 C = Inter-level travel time spent in this place.
 D = Time resting spent in this place.
 E = Time spent auto-exploring this place.
 F = Levels seen in this place.
 G = Mean time per level.
                   A        B        C        D        E       F      G
               +--------+--------+--------+--------+--------+-----+--------+
         Total |  13894 |  13073 |    821 |   2091 |   8441 |  16 |  868.4 |
       Dungeon |  13445 |  12635 |    810 |   2076 |   8213 |  14 |  960.4 |
        Temple |    109 |     98 |     11 |      0 |     91 |   1 |  109.0 |
       Ossuary |    339 |    339 |      0 |     15 |    137 |   1 |  339.0 |
               +--------+--------+--------+--------+--------+-----+--------+

Top non-repeatable levels by time:
    D:12: 2135 daAuts
    D:13: 1694 daAuts
     D:6: 1372 daAuts
     D:3: 1315 daAuts
     D:5: 1256 daAuts
     D:8: 1112 daAuts
     D:4: 866 daAuts
     D:7: 825 daAuts
    D:10: 798 daAuts
     D:2: 726 daAuts
     D:1: 683 daAuts
    D:11: 505 daAuts
 Ossuary: 339 daAuts
     D:9: 150 daAuts
  Temple: 109 daAuts
